 Dungeon Crawl Stone Soup version 0.31-a0-795-g5eb97db20b (webtiles) character file.

Game seed: 3107033581280658411

539 ryw the Slasher (level 7, 0/55 HPs)
             Began as a Human Fighter on Sept 18, 2023.
             Was an Initiate of Hepliaklqana.
             Slain by a troll (9 damage)
             ... on level 5 of the Dungeon.
             The game lasted 00:09:19 (3929 turns).

ryw the Slasher (Human Fighter)                     Turns: 3929, Time: 00:09:19

Health: 0/55       AC: 10    Str: 16    XL:     7   Next: 51%
Magic:  7/7        EV: 15    Int:  9    God:    Hepliaklqana [......]
Gold:   163        SH:  0    Dex: 14    Spells: 6/6 levels left

rFire   . . .        h - +0 great sword
rCold   . . .        (shield currently unavailable)
rNeg    . . .        m - +3 ring mail
rPois   .            (no helmet)
rElec   .            p - +0 cloak
rCorr   .            (no gloves)
SInv    .            (no boots)
Will    .....        q - amulet of faith
Stlth   +            i - +5 ring of evasion
HPRegen 0.29/turn    (no ring)
MPRegen 0.10/turn

%: faith
@: studying Maces & Flails
A: no striking features
a: Renounce Religion


You were on level 5 of the Dungeon.
You worshipped Hepliaklqana.
Hepliaklqana was noncommittal.
You visited 2 branches of the dungeon, and saw 6 of its levels.

You collected 163 gold pieces.

Inventory:

Hand Weapons
 a - a +0 long sword
 h - a +0 great sword (weapon)
Missiles
 k - 3 boomerangs
Armour
 b - a +0 plate armour
 c - a +0 buckler
 m - a +3 ring mail (worn)
 p - a +0 cloak (worn)
Jewellery
 i - a +5 ring of evasion (left hand)
 n - an amulet of the acrobat
 q - an amulet of faith (around neck)
Wands
 t - a wand of quicksilver (9)
Scrolls
 r - a scroll of teleportation {unknown}
Potions
 d - 2 potions of mutation {unknown}
 f - 2 potions of berserk rage {unknown}
 g - 2 potions of curing {unknown}
 j - a potion of cancellation {unknown}
 l - a potion of attraction {unknown}
 o - 4 potions of enlightenment
 s - 2 potions of degeneration {unknown}


   Skills:
 + Level 4.3 Fighting
 * Level 6.1 Long Blades
 - Level 1.0 Throwing
 + Level 4.3 Armour
 - Level 3.0 Shields


You had 6 spell levels left.
You didn't know any spells.
Your spell library contained the following spells:

 Spells                   Type           Power      Damage    Failure   Level
 Magic Dart               Conj           0%         1d3       58%         1
 Lesser Beckoning         Tloc           0%         N/A       73%         2
 Searing Ray              Conj           0%         2d4       73%         2
 Wereblood                Tmut           0%         N/A       73%         2
 Gell's Gravitas          Tloc           0%         N/A       91%         3
 Inner Flame              Hex/Fire       0%         N/A       91%         3
 Teleport Other           Tloc           0%         N/A       91%         3
 Fulminant Prism          Conj/Hex       0%         3d5       100%        4
 Irradiate                Conj/Tmut      0%         3d11      100%        5
 Yara's Violent Unravell  Hex/Tmut       0%         3d3       100%        5
 Enfeeble                 Hex            0%         N/A       100%        7


Dungeon Overview and Level Annotations

Branches:
Dungeon (5/15)             Temple (1/1) D:4

Altars:
Ashenzari
Cheibriados
Dithmenos
Elyvilon
Fedhas
Hepliaklqana
Kikubaaqudgha
Makhleb
Qazlal
Ru
Sif Muna
Trog
Uskayaw
Vehumet
Wu Jian
Xom

Shops:
D:1 (

Annotations:
D:5 2 runed translucent doors
Temple 2 transporters


Message History

The troll misses you. The troll barely misses you.
The troll completely misses you.
Throw: 2 darts (atropa)
Press: ? - help, Q - select action, (/) - cycle Shift-Dir - straight line, f/p - troll
Aim: a troll (57% to hit, chance to blind on hit: 3%)
You throw an atropa-tipped dart. The atropa-tipped dart hits the troll.
The troll resists.
The troll bites you! The troll claws you but does no damage.
The troll completely misses you.
Throw: dart (atropa)
Press: ? - help, Q - select action, (/) - cycle Shift-Dir - straight line, f/p - troll
Aim: a troll (57% to hit, chance to blind on hit: 3%)
You throw an atropa-tipped dart.
The atropa-tipped dart completely misses the troll.
The troll closely misses you. The troll claws you but does no damage.
The troll closely misses you.
You slash the troll!
The troll is heavily wounded.
The troll bites you but does no damage. The troll claws you!
The troll misses you.
You barely miss the troll.
The troll is moderately wounded.
The troll bites you. The troll claws you but does no damage.
The troll barely misses you. The troll closely misses you. The troll claws you.
The troll claws you!
You barely miss the troll.
The troll is moderately wounded.
The troll misses you. x2; The troll completely misses you.
You closely miss the troll.
The troll is moderately wounded.
The troll barely misses you. The troll misses you. The troll claws you.
You barely miss the troll.
The troll is moderately wounded.
The troll bites you.
* * * LOW HITPOINT WARNING * * *
The troll claws you.
* * * LOW HITPOINT WARNING * * *
The troll closely misses you. The troll bites you but does no damage.
The troll claws you but does no damage. The troll claws you!
You die...

.....'.........'
..#.##...(#....# ..#.#
#....##
....##..##.....#######
...###..#.......##...
..#.##.##...8....#.#
.#.###.##..........###.###.
#.## #.# #....(T#..<.......
### #.####...##@.####.####
######..#######..#####.
.........####..........#
######...........#######
##..#.#.##### #..#.#.#
#....#.# ##.###.# #.. ..#


You could see a troll.

Vanquished Creatures
  An orc warrior (D:4)
  An ogre (D:4)
  A scorpion (D:4)
  A wight (D:4)
  2 hounds
  2 iguanas
  3 gnolls (D:4)
  3 adders
  3 dart slugs
  3 orcs (D:3)
  9 ball pythons
  9 endoplasms
  3 giant cockroaches
  5 goblins
  3 hobgoblins
  4 quokkas
  7 bats
  7 frilled lizards
  6 kobolds
  7 rats
80 creatures vanquished.

Notes
Turn   | Place    | Note
-------+----------+-------------------------------------------
     0 | D:1      | ryw the Human Fighter began the quest for the Orb.
     0 | D:1      | Reached XP level 1. HP: 18/18 MP: 1/1
   184 | D:1      | Reached XP level 2. HP: 24/24 MP: 2/2
   243 | D:1      | Reached skill level 3 in Long Blades
   355 | D:1      | Reached XP level 3. HP: 23/29 MP: 3/3
   422 | D:1      | Found Vioclawe's Antique Weapon Shoppe.
  1146 | D:2      | Found a faded altar of an unknown god.
  1329 | D:2      | Reached XP level 4. HP: 35/35 MP: 4/4
  1370 | D:2      | Reached skill level 1 in Throwing
  1402 | D:2      | Reached skill level 4 in Long Blades
  1471 | D:2      | Found a shadowy altar of Dithmenos.
  2206 | D:3      | You fall into a shaft and drop 1 floor!
  2216 | D:4      | Noticed a scorpion
  2230 | D:4      | Killed a scorpion
  2231 | D:4      | Reached XP level 5. HP: 13/41 MP: 5/5
  2374 | D:4      | Found a staircase to the Ecumenical Temple.
  2383 | Temple   | Found a transporter.
  2383 | Temple   | Found a transporter.
  2383 | Temple   | Found a transporter.
  2383 | Temple   | Found a transporter.
  2383 | Temple   | Entered the Ecumenical Temple
  2402 | Temple   | Became a worshipper of Hepliaklqana the Forgotten
  3006 | D:5      | Entered Level 5 of the Dungeon
  3006 | D:5      | Noticed an ogre
  3006 | D:5      | Noticed an orc warrior
  3008 | D:5      | Noticed a troll
  3118 | D:4      | Reached skill level 5 in Long Blades
  3118 | D:4      | Reached XP level 6. HP: 46/47 MP: 6/6
  3343 | D:4      | Killed an ogre
  3344 | D:4      | Reached XP level 7. HP: 54/54 MP: 7/7
  3455 | D:4      | Reached skill level 6 in Long Blades
  3685 | D:5      | Found a runed translucent door.
  3687 | D:5      | Found a runed translucent door.
  3929 | D:5      | Slain by a troll

Illustrated notes

Levels and vault maps discovered:
D:1:      roderic_crossed_star, layout_loops_ring, serial_shops, shop,
          corexii_leaking_fountain, minmay_quantized
D:2:      layout_loops_ring, basic_ecumenical_altar, basic_altar
D:3:      layout_loops_cross, nicolae_yredelemnul_corpse_copse
D:4:      layout_loops_ring, minmay_temple_entry_large_hall,
          minmay_misc_feat_five
D:5:      lemuel_insect_pit, layout_loops_corners,
          gammafunk_temple_overflow_elements, nicolae_overflow_two_pavilions,
          minmay_manual_moon
Temple:   hellmonk_temple_divided_pantheon

Skill      XL: |  1  2  3  4  5  6  7 |
---------------+----------------------+-----
Long Blades    | 3 4 5 6 |  6.1
Throwing       | 1 |  1.0
Fighting       | 4 |  4.3
Armour         | 4 |  4.3
Shields        | |  3.0

Action                     |  1- 3 |  4- 6 |  7- 9 || total
---------------------------+-------+-------+-------++-------
  Melee: Long sword        |   103 |       |       ||   103
         Great sword       |     5 |   102 |    33 ||   140
  Throw: Dart              |       |     5 |     4 ||     9
    Use: Scroll            |     3 |     2 |       ||     5
         Potion            |       |     2 |     1 ||     3
 Armour: Scale mail        |    46 |       |       ||    46
         Ring mail         |       |    51 |    36 ||    87
         Plate armour      |       |     5 |       ||     5
  Dodge: Dodged            |    63 |   112 |    43 ||   218
  Block: Buckler           |    23 |       |       ||    23

Table legend: (Time is in decaauts)
 A = Elapsed time spent in this place.
 B = Non-inter-level travel time spent in this place.
 C = Inter-level travel time spent in this place.
 D = Time resting spent in this place.
 E = Time spent auto-exploring this place.
 F = Levels seen in this place.
 G = Mean time per level.
                   A        B        C        D        E       F      G
               +--------+--------+--------+--------+--------+-----+--------+
         Total |   4026 |   3859 |    167 |    705 |   2118 |   6 |  671.0 |
       Dungeon |   3990 |   3832 |    158 |    705 |   2118 |   5 |  798.0 |
        Temple |     35 |     26 |      9 |      0 |      0 |   1 |   35.0 |
               +--------+--------+--------+--------+--------+-----+--------+

Top non-repeatable levels by time:
     D:4: 1190 daAuts
     D:1: 1135 daAuts
     D:2: 750 daAuts
     D:5: 527 daAuts
     D:3: 387 daAuts
  Temple: 35 daAuts
